 Dungeon Sprint DCSS version 0.30-a0-629-gd54f4be4f7 (webtiles) character file.

Game seed: 13766243547679895676

38555 BigDaddyOpFi the Slayer (level 18, -2/151 HPs)
             Began as an Octopode Fighter on Jan 12, 2023.
             Was the Champion of Qazlal.
             Slain by Dissolution (10 damage)
             ... in the Dungeon (Sprint VI: "Thunderdome").
             The game lasted 00:26:19 (3590 turns).

BigDaddyOpFi the Slayer (Octopode Fighter)          Turns: 3590, Time: 00:26:19

Health: -2/151     AC:  8    Str: 49    XL:     18   Next: 60%
Magic:  32/32      EV: 32    Int: 12    God:    Qazlal [******]
Gold:   3616       SH: 18    Dex: 20    Spells: 17/17 levels left

rFire   + + +      SeeInvis +    s - +8 broad axe (spect)
rCold   + + .      Faith    .    A - +0 buckler "Lyrism" {rF+ Slay+3}
rNeg    . . .      Spirit   .    u - +0 hat of the Raven {rPois rF+ Int+2 Dex+6}
rPois   +          Reflect  .    n - amulet "Olettap" {Acrobat Str+3}
rElec   +          Harm     .    c - ring of Gluttony {Ice rPois Will+ Dex+4 SInv}
rCorr   +          Rampage  .    I - ring "Dakeofea" {rF+ rCorr EV+5 Dex-2}
Will    +....      NoTele   +    J - ring "Igesa" {+Blink rPois AC+4 Int-5}
Stlth   +                        q - ring of Happiness {Fire Will- rCorr Str+4}
HPRegen 0.45/turn                r - ring of Fallacy {rC+ Str+6 Int+6}
MPRegen 0.23/turn                v - ring "Sidusoip" {rElec rC+ rCorr Str+3}
                                 t - ring "Tacwuic" {rElec rF+ Str+3 Dex+2}
                                 x - ring "Juseck" {Drain Fly rElec rCorr SInv}

@: protected from physical damage, flying, repel missiles, unable to read
A: almost no armour, amphibious, 8 rings, camouflage 1, gelatinous body 1,
(nimble swimmer 1), tentacles, strong 2, inability to drink after injury 1,
inability to read after injury 1
}: 3/15 runes: decaying, elven, gossamer
a: Renounce Religion, Evoke Blink, Upheaval, Elemental Force, Disaster Area


You were in the Dungeon.
You worshipped Qazlal.
Qazlal was exalted by your worship.
You visited 1 branch You collected 9600 gold pieces.
You spent 5984 gold pieces at shops.

Inventory:

Hand Weapons
 s - a +8 spectral broad axe (weapon)
Missiles
 a - 3 throwing nets
Armour
 b - the +0 hat "Buob" {Contam Will+ Dex+8}
   (You bought it in a shop in the Dungeon)

   Dex:       It affects your dexterity (+8).
   Contam:    It causes magical contamination when unequipped.
   Will:      It increases your willpower.
 u - the +0 hat of the Raven (worn) {rPois rF+ Int+2 Dex+6}
   (You acquired it in the Dungeon)

   Int:       It affects your intelligence (+2).
   Dex:       It affects your dexterity (+6).
   rF:        It protects you from fire.
   rPois:     It protects you from poison.
 A - the +0 buckler "Lyrism" (worn) {rF+ Slay+3}
   (You bought it in a shop in the Dungeon)

   Slay:      It affects your accuracy & damage with ranged weapons and melee
   (+3).
   rF:        It protects you from fire.
Jewellery
 c - the ring of Gluttony (left tentacle) {Ice rPois Will+ Dex+4 SInv}
   (You bought it in a shop in the Dungeon)

   [ring of ice]

   It enhances your ice magic.
   Dex:       It affects your dexterity (+4).
   rF:        It makes you vulnerable to fire.
   rC:        It protects you from cold.
   rPois:     It protects you from poison.
   SInv:      It lets you see invisible.
   Will:      It increases your willpower.
 n - the amulet "Olettap" (around mantle) {Acrobat Str+3}
   (You bought it in a shop in the Dungeon)

   [amulet of the acrobat]

   It increases your evasion while moving and waiting.
   Str:       It affects your strength (+3).
 o - the ring "Diassol" {Wiz rF++ Will+}
   (You bought it in a shop in the Dungeon)

   [ring of wizardry]

   It improves your spell success rate.
   rF:        It greatly protects you from fire.
   Will:      It increases your willpower.
 p - the ring "Nong" {Wiz rElec rC+ Will- Str+2}
   (You bought it in a shop in the Dungeon)

   [ring of wizardry]

   It improves your spell success rate.
   Str:       It affects your strength (+2).
   rC:        It protects you from cold.
   rElec:     It insulates you from electricity.
   Will:      It decreases your willpower.
 q - the ring of Happiness (on tentacle) {Fire Will- rCorr Str+4}
   (You bought it in a shop in the Dungeon)

   [ring of fire]

   It enhances your fire magic.
   Str:       It affects your strength (+4).
   rF:        It protects you from fire.
   rC:        It makes you vulnerable to cold.
   rCorr:     It protects you from acid and corrosion.
   Will:      It decreases your willpower.
 r - the ring of Fallacy (on tentacle) {rC+ Str+6 Int+6}
   (You bought it in a shop in the Dungeon)

   [ring of strength]

   Str:       It affects your strength (+6).
   Int:       It affects your intelligence (+6).
   rC:        It protects you from cold.
 t - the ring "Tacwuic" (on tentacle) {rElec rF+ Str+3 Dex+2}
   (You bought it in a shop in the Dungeon)

   [ring of protection from fire]

   Str:       It affects your strength (+3).
   Dex:       It affects your dexterity (+2).
   rF:        It protects you from fire.
   rElec:     It insulates you from electricity.
 v - the ring "Sidusoip" (on tentacle) {rElec rC+ rCorr Str+3}
   (You bought it in a shop in the Dungeon)

   [ring of resist corrosion]

   Str:       It affects your strength (+3).
   rC:        It protects you from cold.
   rElec:     It insulates you from electricity.
   rCorr:     It protects you from acid and corrosion.
 w - the ring "Igiaguy" {Int+4 Dex+6}
   (You bought it in a shop in the Dungeon)

   [ring of dexterity]

   Int:       It affects your intelligence (+4).
   Dex:       It affects your dexterity (+6).
 x - the ring "Juseck" (on tentacle) {Drain Fly rElec rCorr SInv}
   (You bought it in a shop in the Dungeon)

   [ring of resist corrosion]

   rElec:     It insulates you from electricity.
   SInv:      It lets you see invisible.
   Fly:       It grants you flight.
   rCorr:     It protects you from acid and corrosion.
   Drain:     It drains your maximum health when unequipped.
 y - the ring of the Jocular Mango {rPois rN+ Int+6}
   (You bought it in a shop in the Dungeon)

   [ring of intelligence]

   Int:       It affects your intelligence (+6).
   rPois:     It protects you from poison.
   rN:        It protects you from negative energy.
 z - the ring "Udenoeru" {rPois Will+ MP+9}
   (You bought it in a shop in the Dungeon)

   [ring of willpower]

   rPois:     It protects you from poison.
   MP:        It affects your magic capacity (+9).
   Will:      It increases your willpower.
 B - the ring of Awoehiug {rPois Dex+6}
   (You bought it in a shop in the Dungeon)

   [ring of dexterity]

   Dex:       It affects your dexterity (+6).
   rPois:     It protects you from poison.
 C - a ring of ice
 E - an amulet of guardian spirit
 G - the ring "Jafyemn" {+Blink Dex+6}
   (You bought it in a shop in the Dungeon)

   [ring of dexterity]

   Dex:       It affects your dexterity (+6).
   +Blink:    It lets you blink.
 H - the ring "Muvef" {rF++ rC+ Str+5 Int-4}
   (You bought it in a shop in the Dungeon)

   [ring of protection from cold]

   Str:       It affects your strength (+5).
   Int:       It affects your intelligence (-4).
   rF:        It greatly protects you from fire.
   rC:        It protects you from cold.
 I - the ring "Dakeofea" (right tentacle) {rF+ rCorr EV+5 Dex-2}
   (You bought it in a shop in the Dungeon)

   [ring of evasion]

   EV:        It affects your evasion (+5).
   Dex:       It affects your dexterity (-2).
   rF:        It protects you from fire.
   rCorr:     It protects you from acid and corrosion.
 J - the ring "Igesa" (on tentacle) {+Blink rPois AC+4 Int-5}
   (You bought it in a shop in the Dungeon)

   [ring of protection]

   AC:        It affects your AC (+4).
   Int:       It affects your intelligence (-5).
   rPois:     It protects you from poison.
   +Blink:    It lets you blink.
Wands
 k - a wand of light (16) (quivered)
 l - a wand of roots (5)
Scrolls
 i - 8 scrolls of blinking
 m - 3 scrolls of fog
Potions
 d - 5 potions of curing
 e - 8 potions of heal wounds
 f - 3 potions of haste
 g - 2 potions of magic
 h - a potion of berserk rage
 j - a potion of resistance
 D - 4 potions of mutation
 F - 6 potions of might


   Skills:
 + Level 22.0 Fighting
 + Level 19.5 Axes
 + Level 19.6 Dodging
 + Level 19.6 Shields
 + Level 20.7 Invocations


You had 17 spell levels left.
You didn't know any spells.
Your spell library was empty.

Dungeon Overview and Level Annotations

Branches:
Dungeon (1/1)

Altars:
Cheibriados
Dithmenos
Fedhas
Gozag
Kikubaaqudgha
Makhleb
Okawaru
Qazlal
Ru
Sif Muna
Trog
Uskayaw
Vehumet
Wu Jian
Xom
Yredelemnul
Zin
The Shining One
Lugonu

Shops:
D [??*?*:[((!!!!

Annotations:
D Dissolution


Innate Abilities, Weirdness & Mutations

You cannot wear most types of armour.
You are amphibious.
You can wear up to eight rings at the same time.
Your skin changes colour to match your surroundings (Stealth+).
Your rubbery body absorbs attacks. (AC +1, EV +1)
((You are camouflaged when in or above water. (Stealth+)))
You have tentacles for arms and can constrict up to eight enemies at once.
Your muscles are very strong. (Str +8, Int/Dex -2)
You occasionally lose the ability to drink potions when taking damage.
You occasionally lose the ability to read scrolls when taking damage.


Message History

The golden eye blinks!
Dissolution is struck by lightning.
Dissolution barely misses you. Dissolution closely misses you.
The floating eye's stare focuses on you.
The rockslime hits you but does no damage.
The acid blob hits you but does no damage.
You feel much better. The azure jelly completely misses you.
The azure jelly hits you. The azure jelly freezes you. You resist.
You block the azure jelly's attack. The azure jelly completely misses you.
The large slime creature is engulfed in freezing vapours.
The large slime creature misses you.
The golden eye blinks at the large slime creature.
You resist with some effort. The acid blob spits acid at you.
You block the splash of acid. The rockslime hits you!!
* * * LOW HITPOINT WARNING * * *
You hold your ground!
You block Dissolution's attack. x2
The azure jelly hits you.
* * * LOW HITPOINT WARNING * * *
The azure jelly freezes you! You resist.
* * * LOW HITPOINT WARNING * * *
The azure jelly completely misses you.
The azure jelly hits you but does no damage.
The azure jelly completely misses you. The shining eye gazes at you.
Strange energies course through your body.
You occasionally lose the ability to drink potions when taking damage.
The floating eye's stare focuses on you.
You feel much better.
The golden eye blinks at the large slime creature.
You resist with almost no effort.
You block the large slime creature's attack.
You block the acid blob's attack. The rockslime barely misses you.
The azure jelly is engulfed in blazing flames.
The azure jelly hits you!
* * * LOW HITPOINT WARNING * * *
The azure jelly freezes you. You resist.
* * * LOW HITPOINT WARNING * * *
You block the azure jelly's attack. x2; The azure jelly completely misses you.
Dissolution barely misses you. Dissolution hits you!
You die...

#∩..[.)..∩# #_..(.....#
#_.()[..._# #_...)..._#
###....).[[[###
#⌠..)()).)...[#
######(8(G○..)...8.######
##.___..JJJ§###.)..[.__.∩#
###∩..(..GJ@8.# #)8..[.....∩
##.......[.G)J.###.))[..[...[
#⌠........)G###...###)......)
#⌠..[..[....# #.<.# #)....(.)
#⌠.....[.)(.###...###..)..[..
##.......)..[[.###...[.......
###∩.....)..8)# #.8......[.∩
##∩__....[..###...[.[___∩#
######.8).))..))[8.######


You could see Dissolution, an acid blob, an azure jelly, a large slime creature,
a rockslime, a shining eye (summoned), 2 floating eyes and a golden eye
(summoned).

Vanquished Creatures
  the Lernaean hydra (D)
  Fannar (D)
  A deep elf master archer (D)
  3 acid blobs (D)
  2 nagarajas (D)
  2 fire giants (D)
  An azure jelly (D)
  A deep elf sorcerer (D)
  A balrug (D)
  2 quicksilver oozes (D)
  A deep elf annihilator (D)
  2 eidola (D)
  2 fire dragons (D)
  A deep elf death mage (D)
  A great orb of eyes (D)
  3 yaktaur captains (D)
  Harold (D)
  A jumping spider (D)
  An ogre mage (D)
  A boulder beetle (D)
  3 dancing weapons (D)
  A hell hog (D)
  A naga warrior (D)
  An orc high priest (D)
  Nergalle (D)
  A shock serpent (D)
  3 sun demons (D)
  3 deep elf knights (D)
  17 skeletal warriors (D)
  A salamander mystic (D)
  A flayed ghost (D)
  A deep elf archer (D)
  3 phantasmal warriors (D)
  2 orc knights (D)
  3 deep elf pyromancers (D)
  9 deep elf zephyrmancers (D)
  An orc sorcerer (D)
  An ugly thing (D)
  3 naga magi (D)
  3 rust devils (D)
  A black mamba (shapeshifter) (D)
  2 black mambas (D)
  2 efreet (D)
  7 yaktaurs (D)
  A bloated husk (D)
  3 tyrant leeches (D)
  8 slime creatures (D)
  Sigmund (D)
  A yak (D)
  A wyvern (D)
  5 wraiths (D)
  3 fire bats (D)
  3 fire elementals (D)
  A golden eye (D)
  A basilisk (shapeshifter) (D)
  An acid dragon (D)
  2 hell hounds (D)
  An orc warrior (D)
  An ogre (D)
  3 phantoms (D)
  A necrophage (D)
  2 gnoll sergeants (D)
  3 earth elementals (D)
  A wight (D)
  2 orc priests (D)
  An iron imp (D)
  Crazy Yiuf (D)
  Jessica (D)
  3 orc wizards (D)
  Terence (D)
  3 gnolls (D)
  4 worms (D)
  A bat zombie (D)
  A giant cockroach (D)
  A ball python (D)
  A quokka zombie (D)
163 creatures vanquished.

Notes
Turn   | Place    | Note
-------+----------+-------------------------------------------
     0 | D        | BigDaddyOpFi the Octopode Fighter began the quest for the
                  | Orb.
     0 | D        | Reached XP level 1. HP: 16/16 MP: 1/1
     4 | D        | Found a snail-covered altar of Cheibriados.
     4 | D        | Found a burning altar of Makhleb.
     5 | D        | Found an ancient bone altar of Kikubaaqudgha.
     5 | D        | Found an opulent altar of Gozag.
     5 | D        | Round 1.
     6 | D        | Found a glowing silver altar of Zin.
     6 | D        | Found a corrupted altar of Lugonu.
     7 | D        | Found Bywaris's Identification Station.
     8 | D        | Found Vorchioz's Jewellery.
     8 | D        | Found Yczoaf's Advanced Armour.
     9 | D        | Found a basalt altar of Yredelemnul.
     9 | D        | Noticed Jessica
    15 | D        | Killed Jessica
    16 | D        | Reached skill level 4 in Fighting
    16 | D        | Reached XP level 2. HP: 17/22 MP: 2/2
    16 | D        | Reached XP level 3. HP: 21/27 MP: 3/3
    18 | D        | Bought a clouded amber ring for 45 gold pieces
    18 | D        | Identified the ring of Gluttony {Ice rPois Will+ Dex+4
                  | SInv} (You bought it in a shop in the Dungeon)
    18 | D        | Bought a steaming pewter amulet for 45 gold pieces
    18 | D        | Identified the amulet "Olettap" {Acrobat Str+3} (You bought
                  | it in a shop in the Dungeon)
    18 | D        | Bought a coiled ivory ring for 45 gold pieces
    18 | D        | Identified the ring "Diassol" {Wiz rF++ Will+} (You bought
                  | it in a shop in the Dungeon)
    18 | D        | Bought a bound platinum ring for 45 gold pieces
    18 | D        | Identified the ring "Nong" {Wiz rElec rC+ Will- Str+2} (You
                  | bought it in a shop in the Dungeon)
    32 | D        | Found Zosofuynyt's Magic Scroll Shop.
    33 | D        | Found Saczar's Magic Scroll Shop.
    33 | D        | Found Roaciul's Must-Have Magic.
    34 | D        | Found an ornate altar of the Wu Jian Council.
    34 | D        | Found a hide-covered altar of Uskayaw.
    34 | D        | Found Berghun's Staff Store.
    38 | D        | Found a radiant altar of Vehumet.
    39 | D        | Found a glowing golden altar of the Shining One.
    41 | D        | Found Leaxa's Distillery.
    41 | D        | Found a bloodstained altar of Trog.
    41 | D        | Found a shimmering altar of Xom.
    41 | D        | Found an iron altar of Okawaru.
    41 | D        | Found Kemiuwke's Do-It-Yourself Clinic.
    42 | D        | Found Foyg's Distillery.
    42 | D        | Found Afeysoz's Bottled Wisdom.
    45 | D        | Found a sacrificial altar of Ru.
    52 | D        | Found a blossoming altar of Fedhas.
    53 | D        | Found Janoun's Weapon Rack.
    54 | D        | Found a shadowy altar of Dithmenos.
    54 | D        | Found a shimmering blue altar of Sif Muna.
    54 | D        | Found a stormy altar of Qazlal.
    54 | D        | Found Xaizoo Enwue's Premium Goods.
    54 | D        | Found Oklo's Basic Armour.
    54 | D        | Found Kosef's Miscellaneous Merchandise.
    62 | D        | Became a worshipper of Qazlal Stormbringer
    79 | D        | Noticed Terence
    79 | D        | Noticed Sigmund
    87 | D        | Killed Sigmund
    88 | D        | Reached skill level 5 in Fighting
    88 | D        | Reached skill level 5 in Axes
    88 | D        | Reached skill level 5 in Dodging
    88 | D        | Reached skill level 5 in Shields
    88 | D        | Reached XP level 4. HP: 29/36 MP: 3/7
    88 | D        | Reached XP level 5. HP: 33/41 MP: 3/8
    90 | D        | Killed Terence
    91 | D        | Reached skill level 6 in Fighting
   100 | D        | Reached * piety under Qazlal
   100 | D        | Arena points: 12 (+12) [x2]
   184 | D        | Round 2.
   230 | D        | Reached skill level 5 in Invocations
   230 | D        | Reached XP level 6. HP: 47/47 MP: 9/9
   243 | D        | Reached ** piety under Qazlal
   273 | D        | Noticed Crazy Yiuf
   281 | D        | Killed Crazy Yiuf
   282 | D        | Reached skill level 7 in Fighting
   295 | D        | Arena points: 54 (+42) [x3]
   306 | D        | Bought a fine platinum ring for 45 gold pieces
   306 | D        | Identified the ring of Happiness {Fire Will- rCorr Str+4}
                  | (You bought it in a shop in the Dungeon)
   306 | D        | Bought a flickering jade ring for 45 gold pieces
   306 | D        | Identified the ring of Fallacy {rC+ Str+6 Int+6} (You
                  | bought it in a shop in the Dungeon)
   364 | D        | Round 3.
   394 | D        | Reached *** piety under Qazlal
   395 | D        | Reached XP level 7. HP: 20/54 MP: 11/11
   406 | D        | Noticed a rust devil
   414 | D        | Noticed a rust devil
   415 | D        | Killed a rust devil
   416 | D        | Reached skill level 8 in Fighting
   416 | D        | Reached XP level 8. HP: 60/62 MP: 11/13
   428 | D        | Killed a rust devil
   428 | D        | Reached **** piety under Qazlal
   448 | D        | Noticed a rust devil
   455 | D        | Killed a rust devil
   455 | D        | Arena points: 138 (+84) [x4]
   456 | D        | Reached skill level 9 in Fighting
   487 | D        | Bought a +0 broad axe for 120 gold pieces
   521 | D        | Round 4.
   528 | D        | Noticed a deep elf zephyrmancer
   533 | D        | Noticed a deep elf zephyrmancer
   544 | D        | Killed a deep elf zephyrmancer
   545 | D        | Reached XP level 9. HP: 55/70 MP: 14/16
   549 | D        | Killed a deep elf zephyrmancer
   550 | D        | Reached skill level 10 in Fighting
   550 | D        | Reached skill level 10 in Dodging
   550 | D        | Reached skill level 10 in Shields
   558 | D        | Noticed a deep elf zephyrmancer
   562 | D        | Killed a deep elf zephyrmancer
   562 | D        | Reached ***** piety under Qazlal
   562 | D        | Noticed a deep elf zephyrmancer
   563 | D        | Reached skill level 10 in Axes
   563 | D        | Reached skill level 10 in Invocations
   565 | D        | Killed a deep elf zephyrmancer
   574 | D        | Noticed a deep elf pyromancer
   580 | D        | Noticed a deep elf zephyrmancer
   581 | D        | Killed a deep elf pyromancer
   582 | D        | Reached skill level 11 in Fighting
   582 | D        | Reached XP level 10. HP: 70/78 MP: 18/18
   582 | D        | Noticed a deep elf zephyrmancer
   586 | D        | Killed a deep elf zephyrmancer
   588 | D        | Killed a deep elf zephyrmancer
   588 | D        | Arena points: 298 (+160) [x5]
   616 | D        | Bought 2 scrolls of brand weapon for 190 gold pieces
   648 | D        | Round 5.
   656 | D        | Noticed the 27-headed Lernaean hydra
   669 | D        | Noticed an eleionoma
   676 | D        | Killed the 26-headed Lernaean hydra
   676 | D        | Arena points: 578 (+280) [x7]
   677 | D        | Reached skill level 12 in Fighting
   679 | D        | Got a decaying rune of Zot
   783 | D        | Reached skill level 13 in Fighting
   783 | D        | Reached XP level 11. HP: 88/88 MP: 20/20
   854 | D        | Round 6.
   893 | D        | Reached XP level 12. HP: 43/94 MP: 21/21
   916 | D        | Arena points: 962 (+384) [x8]
   940 | D        | Round 7.
   952 | D        | Noticed a sun demon
   959 | D        | Killed a sun demon
  1005 | D        | Reached ****** piety under Qazlal
  1033 | D        | Arena points: 1466 (+504) [x9]
  1041 | D        | Bought 8 scrolls of enchant weapon for 600 gold pieces
  1099 | D        | Round 8.
  1205 | D        | Noticed Harold
  1206 | D        | Noticed a boulder beetle
  1213 | D        | Killed Harold
  1214 | D        | Reached skill level 14 in Fighting
  1216 | D        | Killed a boulder beetle
  1216 | D        | Arena points: 2186 (+720) [x10]
  1230 | D        | Bought a scroll of acquirement for 520 gold pieces
  1230 | D        | Acquired the +0 hat of the Raven {rPois rF+ Int+2 Dex+6}
  1251 | D        | Bought a flickering platinum ring for 45 gold pieces
  1251 | D        | Identified the ring "Sidusoip" {rElec rC+ rCorr Str+3} (You
                  | bought it in a shop in the Dungeon)
  1251 | D        | Bought a pitted ivory ring for 45 gold pieces
  1251 | D        | Identified the ring "Igiaguy" {Int+4 Dex+6} (You bought it
                  | in a shop in the Dungeon)
  1251 | D        | Bought a pitted turquoise ring for 45 gold pieces
  1251 | D        | Identified the ring "Juseck" {Drain Fly rElec rCorr SInv}
                  | (You bought it in a shop in the Dungeon)
  1272 | D        | Round 9.
  1400 | D        | Arena points: 3176 (+990) [x11]
  1460 | D        | Round 10.
  1472 | D        | Arena points: 4476 (+1300) [x13]
  1475 | D        | Got a gossamer rune of Zot
  1486 | D        | Bought a distressingly furry buckler for 332 gold pieces
  1486 | D        | Identified the +3 buckler "Fewaal" {Fly Will+} (You bought
                  | it in a shop in the Dungeon)
  1496 | D        | Bought an encrusted buckler for 332 gold pieces
  1496 | D        | Identified the +0 buckler "Lyrism" {rF+ Slay+3} (You bought
                  | it in a shop in the Dungeon)
  1643 | D        | Round 11.
  1663 | D        | Noticed a great orb of eyes
  1665 | D        | Paralysed by a great orb of eyes for 2 turns
  1675 | D        | Killed a great orb of eyes
  1729 | D        | Noticed an azure jelly
  1736 | D        | Killed an azure jelly
  1737 | D        | Reached skill level 15 in Fighting
  1739 | D        | Noticed an acid blob
  1746 | D        | Killed an acid blob
  1749 | D        | Noticed an acid blob
  1757 | D        | Killed an acid blob
  1758 | D        | Reached skill level 16 in Fighting
  1758 | D        | Reached skill level 15 in Invocations
  1758 | D        | Reached XP level 13. HP: 39/105 MP: 24/24
  1780 | D        | Noticed a quicksilver ooze
  1788 | D        | Killed a quicksilver ooze
  1794 | D        | Noticed a quicksilver ooze
  1797 | D        | Killed a quicksilver ooze
  1812 | D        | Arena points: 6324 (+1848) [x14]
  1829 | D        | Reached skill level 15 in Dodging
  1829 | D        | Reached skill level 15 in Shields
  1829 | D        | Reached XP level 14. HP: 68/113 MP: 25/25
  1841 | D        | Bought 4 potions of curing for 84 gold pieces
  1841 | D        | Bought 3 potions of heal wounds for 105 gold pieces
  1841 | D        | Bought 3 potions of heal wounds for 105 gold pieces
  1843 | D        | Round 12.
  1922 | D        | Reached skill level 15 in Axes
  1968 | D        | Reached skill level 17 in Fighting
  1974 | D        | Arena points: 8304 (+1980) [x15]
  1991 | D        | Bought an ichor-stained hat for 315 gold pieces
  1991 | D        | Identified the +0 hat "Buob" {Contam Will+ Dex+8} (You
                  | bought it in a shop in the Dungeon)
  2031 | D        | Bought 2 potions of mutation for 112 gold pieces
  2031 | D        | Gained mutation: You are weak. (Str -2) [potion of
                  | mutation]
  2031 | D        | Gained mutation: You are covered in fur. (AC +1) [potion of
                  | mutation]
  2032 | D        | Lost mutation: You are covered in fur. (AC +1) [potion of
                  | mutation]
  2032 | D        | Lost mutation: You are weak. (Str -2) [potion of mutation]
  2032 | D        | Gained mutation: You are frail. (-10% HP) [potion of
                  | mutation]
  2032 | D        | Gained mutation: You have a pair of small antennae on your
                  | head. [potion of mutation]
  2038 | D        | Round 13.
  2084 | D        | Noticed Nergalle
  2090 | D        | Killed Nergalle
  2139 | D        | Reached skill level 18 in Fighting
  2150 | D        | Arena points: 10800 (+2496) [x16]
  2161 | D        | Bought a sparkling platinum ring for 45 gold pieces
  2161 | D        | Identified the ring "Tacwuic" {rElec rF+ Str+3 Dex+2} (You
                  | bought it in a shop in the Dungeon)
  2161 | D        | Bought a steaming silver ring for 45 gold pieces
  2161 | D        | Identified the ring of the Jocular Mango {rPois rN+ Int+6}
                  | (You bought it in a shop in the Dungeon)
  2161 | D        | Bought a translucent brass ring for 45 gold pieces
  2161 | D        | Identified the ring "Udenoeru" {rPois Will+ MP+9} (You
                  | bought it in a shop in the Dungeon)
  2161 | D        | Bought a scintillating glass ring for 45 gold pieces
  2161 | D        | Identified the ring of Awoehiug {rPois Dex+6} (You bought
                  | it in a shop in the Dungeon)
  2184 | D        | Bought 4 scrolls of blinking for 300 gold pieces
  2193 | D        | Round 14.
  2200 | D        | Noticed a nagaraja
  2210 | D        | Killed a nagaraja
  2286 | D        | Noticed a nagaraja
  2297 | D        | Killed a nagaraja
  2297 | D        | Arena points: 13418 (+2618) [x17]
  2298 | D        | Reached skill level 19 in Fighting
  2367 | D        | Round 15.
  2462 | D        | Noticed a deep elf master archer
  2463 | D        | Noticed Fannar
  2469 | D        | Killed a deep elf master archer
  2482 | D        | Killed Fannar
  2482 | D        | Arena points: 16553 (+3135) [x19]
  2486 | D        | Got an elven rune of Zot
  2489 | D        | Reached XP level 15. HP: 111/113 MP: 27/27
  2538 | D        | Bought 3 potions of mutation for 168 gold pieces
  2538 | D        | Bought a potion of mutation for 56 gold pieces
  2538 | D        | Lost mutation: You have a pair of small antennae on your
                  | head. [potion of mutation]
  2538 | D        | Lost mutation: You are frail. (-10% HP) [potion of
                  | mutation]
  2538 | D        | Gained mutation: You expend magic power (3 MP) to
                  | strengthen your wands. [potion of mutation]
  2538 | D        | Gained mutation: Your system is resistant to poisons.
                  | (rPois) [potion of mutation]
  2538 | D        | Gained mutation: You are somewhat resistant to further
                  | mutation. [potion of mutation]
  2591 | D        | Bought 6 potions of might for 168 gold pieces
  2678 | D        | Round 16.
  2752 | D        | Reached skill level 20 in Fighting
  2827 | D        | Arena points: 20073 (+3520) [x20]
  2851 | D        | Bought 2 potions of mutation for 112 gold pieces
  2851 | D        | Lost mutation: You are somewhat resistant to further
                  | mutation. [potion of mutation]
  2851 | D        | Lost mutation: You expend magic power (3 MP) to strengthen
                  | your wands. [potion of mutation]
  2851 | D        | Lost mutation: Your system is resistant to poisons. (rPois)
                  | [potion of mutation]
  2851 | D        | Gained mutation: Your muscles are strong. (Str +4, Int/Dex
                  | -1) [potion of mutation]
  2851 | D        | Gained mutation: You occasionally lose the ability to read
                  | scrolls when taking damage. [potion of mutation]
  2851 | D        | Gained mutation: Your muscles are very strong. (Str +8,
                  | Int/Dex -2) [potion of mutation]
  2877 | D        | Round 17.
  2897 | D        | Reached XP level 16. HP: 127/134 MP: 29/29
  3016 | D        | Arena points: 26142 (+6069) [x21]
  3038 | D        | Bought a warped bronze ring for 45 gold pieces
  3038 | D        | Identified the ring "Jafyemn" {+Blink Dex+6} (You bought it
                  | in a shop in the Dungeon)
  3038 | D        | Bought a transparent copper ring for 45 gold pieces
  3038 | D        | Identified the ring "Muvef" {rF++ rC+ Str+5 Int-4} (You
                  | bought it in a shop in the Dungeon)
  3038 | D        | Bought a transparent golden ring for 45 gold pieces
  3038 | D        | Identified the ring "Dakeofea" {rF+ rCorr EV+5 Dex-2} (You
                  | bought it in a shop in the Dungeon)
  3038 | D        | Bought a twitching brass ring for 45 gold pieces
  3038 | D        | Identified the ring "Igesa" {+Blink rPois AC+4 Int-5} (You
                  | bought it in a shop in the Dungeon)
  3050 | D        | Round 18.
  3140 | D        | Reached skill level 21 in Fighting
  3201 | D        | Arena points: 32874 (+6732) [x22]
  3251 | D        | Round 19.
  3372 | D        | Arena points: 38555 (+5681) [x23]
  3407 | D        | Bought 5 potions of heal wounds for 500 gold pieces
  3407 | D        | Bought 5 potions of heal wounds for 500 gold pieces
  3433 | D        | Bought 2 potions of experience for 600 gold pieces
  3433 | D        | Reached XP level 17. HP: 90/144 MP: 31/31
  3434 | D        | Reached XP level 18. HP: 95/151 MP: 32/32
  3440 | D        | Round 20.
  3534 | D        | Reached skill level 22 in Fighting
  3578 | D        | Noticed Dissolution
  3589 | D        | HP: 2/151 [azure jelly (12)]
  3589 | D        | Gained mutation: You occasionally lose the ability to drink
                  | potions when taking damage. [a shining eye]
  3590 | D        | Slain by Dissolution

Illustrated notes

Levels and vault maps discovered:
D:        arena_sprint

Skill      XL: |  1  2  3  4  5  6  7  8  9 10 11 12 13 14 15 16 17 18 |
---------------+-------------------------------------------------------+-----
Fighting       | 4 5 6 7 8 9 11 13 16 19 20 21 22 | 22.0
Axes           | 3 5 6 7 8 9 10 11 12 14 16 17 19 | 19.5
Dodging        | 4 5 6 7 8 9 11 12 14 15 17 19 | 19.6
Shields        | 4 5 6 7 8 9 11 12 14 15 17 19 | 19.6
Invocations    | 4 5 6 7 9 10 12 15 17 18 20 | 20.7

Action                   |  1- 3 |  4- 6 |  7- 9 | 10-12 | 13-15 | 16-18 || total
-------------------------+-------+-------+-------+-------+-------+-------++-------
Melee: War axe           |     5 |    23 |    24 |       |       |       ||    52
       Constrict         |     2 |     8 |     6 |    11 |    14 |    25 ||    66
       Tentacles         |     1 |     6 |     9 |    20 |    33 |    31 ||   100
       Broad axe         |       |       |    16 |    80 |   107 |    96 ||   299
       Punch             |       |       |       |     2 |     1 |       ||     3
Invok: Disaster Area     |       |       |       |     3 |       |       ||     3
       Upheaval          |       |       |       |     1 |     2 |       ||     3
Evoke: Wand              |       |       |       |     4 |       |     3 ||     7
  Use: Potion            |     2 |     1 |     1 |     1 |     7 |    12 ||    24
       Scroll            |       |       |       |    11 |       |       ||    11
 Stab: Distracted        |       |       |       |     2 |     2 |     4 ||     8
       Invisible         |       |       |       |       |       |     1 ||     1
Armor: Skin              |       |       |       |     1 |     1 |     4 ||     6
Dodge: Dodged            |     7 |    17 |     9 |    33 |    61 |    75 ||   202
       Repelled          |       |       |       |     4 |     3 |     1 ||     8
Block: Buckler           |       |     7 |    16 |    46 |    64 |    77 ||   210

Table legend: (Time is in decaauts)
 A = Elapsed time spent in this place.
 B = Non-inter-level travel time spent in this place.
 C = Inter-level travel time spent in this place.
 D = Time resting spent in this place.
 E = Time spent auto-exploring this place.
 F = Levels seen in this place.
 G = Mean time per level.
                   A        B        C        D        E       F      G
               +--------+--------+--------+--------+--------+-----+--------+
         Total |   3529 |   3529 |      0 |    991 |    167 |   1 | 3529.0 |
       Dungeon |   3529 |   3529 |      0 |    991 |    167 |   1 | 3529.0 |
               +--------+--------+--------+--------+--------+-----+--------+

Top non-repeatable levels by time:
       D: 3529 daAuts
